AoeStats
← Goku_San

Arena

510530625Analyzed
3v3 RM · 1d ago on Oct 1, 2026· 39m 34s· 6 players
Game mode
Random Map
Map size
Normal (6 player)
Population
200
Speed
Normal
Resources
Standard
Victory
Conquest
Starting age
Dark Age
Ending age
Imperial Age
RankedLock teamsTeams togetherTeam positionsShared explorationLock speedFull tech treeHidden civsTurbo modeCheats
Victory
Defeat
🇨🇳 Persians · China
1267
+17
🇨🇳 Armenians · China
1260
+17
🇨🇳 Portuguese · China
1156
+21
🇮🇱 Mongols · Israel
1290
-19
🇦🇺 Armenians · Australia
1279
-18
🇺🇸 Japanese · United States
1267
-18
帅死八个人
10:08 Feudal Age
13:57 Castle Age
11:48 Horse Collar
11:59 Double-Bit Axe
12:51 Horse Collar
14:58 Bow Saw
19:59 Heavy Plow
28:12 Imperial Age
26:18 Wheelbarrow
25:53 Gold Mining
25:55 Stone Mining
28:02 Loom
28:28 Scale Barding Armor
28:34 Forging
29:07 Conscription
28:13 Elite War Elephant
29:26 Crop Rotation
30:31 Two-Man Saw
29:48 Husbandry
29:59 Bloodlines
31:46 Chemistry
32:08 Gold Shaft Mining
32:00 Chain Barding Armor
33:28 Kamandaran
34:55 Stone Shaft Mining
35:56 Hand Cart
35:27 Town Watch
35:27 Elite Skirmisher
38:17 Plate Barding Armor
38:18 Iron Casting
37:33 Fletching
37:44 Padded Archer Armor
38:10 Ballistics
37:47 Murder Holes
高血压选手
10:26 Feudal Age
11:25 Double-Bit Axe
14:03 Castle Age
11:58 Horse Collar
15:06 Bow Saw
17:18 Fervor
18:30 Heavy Plow
20:08 Sanctity
20:37 Wheelbarrow
19:48 Loom
21:23 Squires
22:56 Forging
24:06 Gold Mining
27:45 Imperial Age
25:32 Hand Cart
25:16 Treadmill Crane
26:16 Gold Shaft Mining
25:32 Stone Mining
26:36 Scale Mail Armor
27:11 Iron Casting
26:27 Gambesons
26:33 Man-at-Arms
26:59 Arson
27:31 Chain Mail Armor
27:35 Long Swordsman
29:31 Blast Furnace
27:54 Capped Ram
28:39 Town Watch
28:28 Two-Handed Swordsman
30:01 Plate Mail Armor
29:18 Siege Ram
30:46 Conscription
30:01 Champion
32:11 Fereters
33:33 Fletching
36:52 Bodkin Arrow
37:19 Ballistics
37:59 Chemistry
37:00 Elite Composite Bowman
38:03 Bracer
38:32 Padded Archer Armor
40:02 Masonry
40:19 Leather Archer Armor
нежность
9:49 Feudal Age
13:31 Castle Age
12:01 Double-Bit Axe
12:01 Horse Collar
20:13 Bow Saw
21:34 Wheelbarrow
23:22 Hand Cart
27:48 Imperial Age
25:09 Treadmill Crane
26:18 Town Watch
26:18 Loom
27:24 Gold Mining
27:29 Stone Mining
27:49 Elite Organ Gun
29:41 Two-Man Saw
29:14 Siege Engineers
29:38 Conscription
30:10 Arquebus
31:47 Chemistry
31:10 Ballistics
32:29 Stone Shaft Mining
the black fella
10:53 Feudal Age
11:50 Double-Bit Axe
11:55 Horse Collar
17:14 Castle Age
15:58 Loom
16:26 Gold Mining
17:58 Scale Mail Armor
18:12 Bow Saw
18:19 Squires
19:26 Forging
20:24 Fervor
20:59 Heavy Plow
21:50 Wheelbarrow
22:10 Town Watch
22:24 Town Watch
24:19 Hand Cart
26:47 Gold Shaft Mining
26:44 Pikeman
27:38 Stone Mining
30:20 Chain Mail Armor
30:40 Iron Casting
29:50 Man-at-Arms
30:16 Gambesons
30:40 Arson
30:38 Long Swordsman
33:54 Imperial Age
32:33 Two-Handed Swordsman
33:42 Champion
34:45 Fereters
37:35 Scale Barding Armor
38:14 Bloodlines
38:05 Husbandry
37:30 Light Cavalry
sbr
0:28 Loom
10:55 Feudal Age
15:15 Castle Age
13:31 Double-Bit Axe
13:53 Horse Collar
16:48 Bow Saw
23:08 Wheelbarrow
22:50 Stone Mining
22:52 Gold Mining
23:25 Town Watch
25:26 Heavy Plow
25:48 Hand Cart
29:56 Imperial Age
28:11 Gold Shaft Mining
27:55 Scale Mail Armor
28:07 Forging
29:34 Chain Mail Armor
29:34 Fortified Wall
31:16 Kataparuto
30:57 Yasama
31:18 Conscription
30:20 Pikeman
31:02 Squires
30:47 Arson
31:02 Man-at-Arms
31:37 Gambesons
33:15 Chemistry
32:27 Masonry
32:11 Long Swordsman
33:28 Iron Casting
33:25 Ballistics
32:58 Fletching
33:54 Conscription
33:24 Two-Handed Swordsman
33:50 Gambesons
36:38 Bodkin Arrow
36:57 Guard Tower
37:55 Plate Mail Armor
39:45 Blast Furnace
Goku_San
6:55 Loom
8:42 Feudal Age
13:04 Castle Age
11:49 Double-Bit Axe
13:59 Bow Saw
20:51 Horse Collar
22:53 Wheelbarrow
22:36 Heavy Plow
22:37 Gold Mining
23:49 Stone Mining
29:02 Imperial Age
26:28 Fletching
26:38 Padded Archer Armor
27:37 Ballistics
28:04 Hand Cart
28:01 Bodkin Arrow
28:22 Leather Archer Armor
28:57 Gold Shaft Mining
28:57 Stone Shaft Mining
29:03 Stone Shaft Mining
29:15 Bloodlines
29:05 Husbandry
29:21 Thumb Ring
29:50 Bracer
30:56 Chemistry
30:54 Conscription
31:17 Parthian Tactics
31:14 Elite Mangudai
35:15 Heavy Scorpion
37:01 Drill
37:56 Siege Engineers
Connection lost

Rejoining the realm…

Still unreachable

The connection could not be restored.

Session expired

The server has moved on; the page needs a fresh start.